[Event "Hungarian Youth-ch U12 2022"]
[Site "Eger"]
[Date "2022.07.25"]
[Round "3.1"]
[White "Juhasz, Edmond"]
[Black "Horvath, Andras"]
[Result "1-0"]
[ECO "C58"]
[WhiteElo "1510"]
[BlackElo "2251"]
[Annotator "TA"]
[PlyCount "47"]
[EventDate "2022.07.21"]
[EventType "tourn"]
[EventCountry "HUN"]
[SourceTitle "playchess.com"]
[Source "ChessBase"]
[SourceQuality "1"]
[TimeControl "40/5400+30:1800+30"]

1. e4 e5 2. Nf3 Nc6 3. Bc4 Nf6 4. Ng5 d5 5. exd5 Na5 6. Bb5+ c6 7. dxc6 bxc6 8. Qf3 {[%emt 0:01:34] 8.Bd3 is the modern continuation.} Rb8 {[%emt 0:00:41] is the legacy move (8...Be7).} 9. Bd3 Be7 {[%emt 0:08:09] C58: Two Knights: 4 Ng5 d5 5 exd5 Na5 sidelines.} (9... Bd6 $11) 10. Nc3 O-O 11. O-O h6 {[%emt 0:06:01] White is slightly better.} 12. Nge4 Nxe4 {[%emt 0:01:17] [#]} (12... Nh7 $11) 13. Qxe4 $146 {[%emt 0:02:00][%csl Gd3][%cal Re4h7] [#]} ({Predecessor:} 13. Bxe4 Qc7 14. Bf5 Bb7 15. b3 Rbd8 16. d3 Bd6 17. Qg4 Bc8 18. Bxh6 f6 19. Bxc8 Rxc8 20. Bxg7 Qxg7 {1-0 (39) Centeno Mendoza,J (1767)-Fernandez Rosado,R (1757) Madrid 2019}) 13... f5 14. Qxe5 Bd6 15. Qe2 Kh8 {[%emt 0:05:50] [#]} (15... c5 $142 16. b3 Qc7) 16. b3 $1 $18 Bb7 17. Qh5 Qd7 18. a3 {[%emt 0:02:31] aiming for b4.} c5 {[%emt 0:02:00] Prevents b4.} 19. Bb2 c4 20. bxc4 {[%emt 0:10:04] And now Rfe1 would win.} ({Don't do} 20. Bxc4 $6 Nxc4 21. bxc4 Bxg2 $14) 20... Bf4 $2 (20... Rbc8 21. Nd5 Nxc4 22. Bxc4 (22. Qxh6+ Kg8 $16) 22... Rxc4) 21. Rab1 {[%emt 0:11:06] Strongly threatening Ne2.} Bxd2 22. Rfd1 g6 $2 (22... Bg5 23. Nd5 Kh7) 23. Qxg6 {[%emt 0:08:18] Intending Nd5+ and mate.} Bxg2 24. Nb5+ {[%emt 0:02:18] Black got outplayed after the opening.  Weighted Error Value: White=0.12 (very precise) /Black=0.88} 1-0

[Event "Hungarian Youth-ch U12 2022"]
[Site "Eger"]
[Date "2022.07.25"]
[Round "3.2"]
[White "Feher, Botond"]
[Black "Onodi, Miklos"]
[Result "0-1"]
[ECO "B20"]
[WhiteElo "1747"]
[BlackElo "1901"]
[Annotator "TA"]
[PlyCount "120"]
[EventDate "2022.07.21"]
[EventType "tourn"]
[EventCountry "HUN"]
[SourceTitle "playchess.com"]
[Source "ChessBase"]
[SourceQuality "1"]
[TimeControl "40/5400+30:1800+30"]

1. e4 c5 2. c4 Nc6 3. Nc3 g6 4. g3 Bg7 5. Bg2 e5 6. Nge2 {[%emt 0:00:05] A36: Symmetrical English vs ...g6: 4 Bg2 Bg7.} f5 7. O-O Nge7 8. d3 {[%emt 0:00:39] White has an edge.} O-O 9. Bg5 d6 10. Rb1 Be6 11. Nd5 h6 {[%emt 0:02:53] [#]} 12. Bxe7 $146 ({Predecessor:} 12. Bd2 Qd7 13. a3 fxe4 14. dxe4 Nd4 15. Nec3 Nxd5 16. Nxd5 b5 17. cxb5 Bxd5 18. exd5 Nxb5 {1-0 (48) Tusa,T (2185)-Nordman,J Valkeakoski 2009}) 12... Nxe7 13. Qd2 (13. b4 $14) 13... Bd7 (13... Nxd5 $15 14. cxd5 Bc8) 14. Nxe7+ $14 Qxe7 15. b4 (15. exf5 Bxf5 16. b4) (15. exf5 $1 $14 Bxf5 16. b4) 15... f4 $1 $15 {[%emt 0:02:08] aiming for ...f3.} 16. f3 b6 17. bxc5 dxc5 18. Nc3 Qg5 19. Qf2 h5 20. Nd5 Qh6 21. h3 (21. a4 $11) 21... g5 $17 22. g4 hxg4 ({Black should try} 22... Bf6 $17) 23. hxg4 $11 Kf7 24. Rfd1 Rh8 25. Kf1 Ba4 26. Rdc1 Qh4 27. Qxh4 Rxh4 ({Black should play} 27... gxh4 $15 28. Bh3 Bf6) 28. Nc3 (28. Rc3 $1 $14) 28... Bc6 $15 {[%emt 0:00:20] This bishop pair is nice.} 29. a4 Bf6 30. Ra1 Bd8 {[%emt 0:00:35] Black is more active.} 31. Kf2 Bc7 32. Nd5 (32. Nb5 $5 Bd8 33. Rcb1 $11) 32... Bxd5 33. cxd5 Ke7 34. Rh1 Rah8 35. Rxh4 Rxh4 36. Rh1 $2 {[%emt 0:00:06][%mdl 8192] Black converts the advantage convincingly.} (36. Rb1 $11 {and White has nothing to worry.}) 36... Rxh1 $19 37. Bxh1 {[%emt 0:00:05][%mdl 4096] Endgame KB-KB} Kd6 {[%emt 0:00:06][%cal Oc5c4] Threatens to win with ...c4!} 38. Ke2 {[%emt 0:02:01] [#]} (38. Ke1 $142 a6 39. Kd2) 38... c4 $1 39. dxc4 Kc5 40. Kd3 {[%emt 0:00:00] [#]} Kb4 $1 41. Bg2 Bd6 42. Bf1 Kxa4 43. Be2 $2 (43. Kc3 Ba3 44. Kc2) 43... Kb4 44. Bd1 Bc5 45. Bc2 Ka3 {[%emt 0:01:59] White must now prevent ...Kb4.} 46. Kc3 Bb4+ 47. Kd3 Kb2 48. Ba4 Bc5 49. Bc2 Ka3 {[%emt 0:03:37] Hoping for ...Kb4.} 50. Kc3 a6 51. Bb3 $2 (51. Bb1 $19 Bd4+ 52. Kc2) 51... Bb4+ 52. Kc2 a5 53. c5 Bxc5 54. Bc4 Kb4 55. Ba2 b5 56. Kb2 a4 {[%emt 0:00:17] ( -> ...Bd6)} 57. Kc2 Ka3 {[%emt 0:00:20] Black mates.} 58. Bb1 Bb4 59. Kc1 Kb3 60. Bc2+ Kc3 {[%emt 0:00:10] Weighted Error Value: White=0.74/Black=0.27 (precise)} 0-1

[Event "Hungarian Youth-ch U12 2022"]
[Site "Eger"]
[Date "2022.07.25"]
[Round "3.3"]
[White "Bod, Marton"]
[Black "Kovacs, Kristof"]
[Result "1/2-1/2"]
[ECO "C44"]
[WhiteElo "1758"]
[BlackElo "1812"]
[Annotator "NA RC COMBH"]
[PlyCount "153"]
[EventDate "2022.07.21"]
[EventType "tourn"]
[EventCountry "HUN"]
[SourceTitle "playchess.com"]
[Source "ChessBase"]
[SourceQuality "1"]
[TimeControl "40/5400+30:1800+30"]

1. e4 e5 2. Nf3 Nc6 3. d4 exd4 4. Nxd4 Nf6 5. Nc3 Bb4 6. Nxc6 bxc6 7. Bd3 d5 8. exd5 cxd5 9. O-O O-O 10. Bg5 c6 11. Qf3 Be7 12. Rfe1 h6 13. Qe3 hxg5 14. Qxe7 Qxe7 15. Rxe7 Be6 16. Na4 Nd7 17. Re1 Rad8 18. h3 Rfe8 19. Rxe8+ Rxe8 20. c4 d4 21. b4 f6 22. Re4 Ne5 23. Nc5 Bf5 24. Rxd4 Bxh3 25. Rd6 Bg4 26. Nb3 Be6 27. Na5 Bf7 28. a3 Rc8 29. Bf5 Re8 30. Bc2 g6 31. f3 Kg7 32. Ba4 g4 33. Bxc6 Nxc6 34. Rxc6 gxf3 35. gxf3 Re3 36. Ra6 Rxa3 37. Rxa7 Rxf3 38. b5 Rc3 39. b6 Rc1+ 40. Kf2 Rb1 41. b7 Kh6 42. Ra8 Rb2+ 43. Ke3 Bxc4 44. b8=Q Rxb8 45. Rxb8 Bd5 46. Rb5 Bf7 47. Nb3 g5 48. Nd4 Bc4 49. Rc5 Ba2 50. Kf3 Kg6 51. Kg4 Bb1 52. Rc6 Bd3 53. Rd6 Bb1 54. Ne2 Be4 55. Nc3 Bf5+ 56. Kg3 Kf7 57. Nd5 Be6 58. Ne3 f5 59. Kf3 Kf6 60. Rb6 Ke5 61. Ke2 f4 62. Ng2 Bd5 63. Ne1 Ke4 64. Rb4+ Kf5 65. Nf3 g4 66. Nh4+ Kg5 67. Rb5 Kxh4 68. Rxd5 Kg3 69. Rd3+ Kg2 70. Rd4 f3+ 71. Ke3 g3 72. Rd1 f2 73. Ke2 Kh3 74. Kf3 Kh2 75. Rf1 g2 76. Rxf2 Kh1 77. Rxg2 1/2-1/2

[Event "Hungarian Youth-ch U12 2022"]
[Site "Eger"]
[Date "2022.07.25"]
[Round "3.4"]
[White "Karacsonyi, Bank"]
[Black "Janosi, Bence"]
[Result "1-0"]
[ECO "C02"]
[WhiteElo "1791"]
[BlackElo "1428"]
[Annotator "NA RC COMBH"]
[PlyCount "62"]
[EventDate "2022.07.21"]
[EventType "tourn"]
[EventCountry "HUN"]
[SourceTitle "playchess.com"]
[Source "ChessBase"]
[SourceQuality "1"]
[TimeControl "40/5400+30:1800+30"]

1. e4 e6 2. d4 d5 3. e5 c5 4. c3 Nc6 5. Nf3 Bd7 6. Be2 Nge7 7. O-O cxd4 8. cxd4 Nf5 9. Be3 Be7 10. Nc3 O-O 11. Bd3 Nh4 12. Nxh4 Bxh4 13. Qh5 g6 14. Qh6 f5 15. g3 Be7 16. h4 Rf7 17. Qf4 a6 18. a3 Rg7 19. Qf3 g5 20. hxg5 Bxg5 21. Ne2 Qe7 22. Kg2 Rf8 23. Bc1 f4 24. g4 h5 25. gxh5 Bf6+ 26. Bg6 Bxe5 27. Rg1 Bxd4 28. Nxd4 Nxd4 29. Qd3 f3+ 30. Kg3 Qg5+ 31. Bxg5 Ne2+ 1-0

[Event "Hungarian Youth-ch U12 2022"]
[Site "Eger"]
[Date "2022.07.25"]
[Round "3.5"]
[White "Horvath, Matyas Sandor"]
[Black "Lehocz, Jozsef Jr."]
[Result "0-1"]
[ECO "A50"]
[WhiteElo "1431"]
[BlackElo "1919"]
[Annotator "TA"]
[PlyCount "76"]
[EventDate "2022.07.21"]
[EventType "tourn"]
[EventCountry "HUN"]
[SourceTitle "playchess.com"]
[Source "ChessBase"]
[SourceQuality "1"]
[TimeControl "40/5400+30:1800+30"]

1. d4 Nf6 2. c4 b6 3. Nc3 Bb7 4. Bf4 e6 5. a3 Be7 6. Nf3 O-O 7. e3 d5 {[%emt 0:06:53] E12: Queen's Indian: Unusual White 4th moves, 4 a3, 4 Nc3 Bb7 5 a3 and 4 Nc3 Bb7 .} 8. Be2 Nbd7 9. b4 {[%emt 0:11:03] [#]} Bd6 $146 (9... dxc4 $15 10. Bxc4 c5) ({Predecessor:} 9... dxc4 10. Bxc4 c5 11. bxc5 bxc5 12. dxc5 Nxc5 13. O-O Qxd1 14. Rfxd1 Bxf3 15. gxf3 Nh5 {½-½ (40) Voigt,J-Voss,M freechess.de 2014}) 10. Bg3 (10. c5 $14 Bxf4 11. exf4) 10... Bxg3 $11 11. hxg3 c5 12. bxc5 bxc5 13. O-O (13. cxd5 {looks sharper.} Qa5 14. Rc1 Nxd5 15. Qa4) 13... Qa5 14. Qd2 cxd4 15. Qxd4 dxc4 16. Bxc4 (16. Nd2 $1 $11 {remains equal.}) 16... e5 ({Black should play} 16... Rac8 $17 {aiming for ...e5.} 17. Nb5 Bxf3 18. gxf3 e5) 17. Qd2 $1 Bxf3 18. gxf3 Rac8 {[%emt 0:00:44] [#]} 19. Ne4 $1 Qa4 {[%emt 0:06:24] And now ...Nxe4 would win.} (19... Qxd2 20. Nxd2) 20. Nd6 (20. Bd3 $11) 20... Rxc4 $17 {[%emt 0:03:48] Black converts the advantage convincingly.} 21. Nxc4 Qxc4 22. Rfc1 Qe6 {[%emt 0:01:38] Strongly threatening ...e4.} 23. Kg2 (23. e4 $17 {was the only defense.}) 23... e4 $19 24. f4 h5 ({Not} 24... Qg4 25. Rc7) 25. Rh1 $2 (25. Qe2) 25... Nc5 26. Qd1 Nd3 27. Rh4 Rc8 28. Rh1 g6 29. Rf1 Ng4 30. Qe2 Rc3 {[%emt 0:00:52] ...Qc8 is the strong threat.} 31. f3 {[%emt 0:02:59] [#]} Rc2 $3 {[%emt 0:00:18][%mdl 512] Black mates.} 32. Qxc2 Nxe3+ {[%emt 0:00:05] Pair of Knights!} 33. Kg1 Nxc2 34. fxe4 Qh3 35. Rf3 Nxa1 36. Rxd3 h4 37. Kf2 Qh2+ 38. Ke3 Nc2+ {[%emt 0:00:04] Weighted Error Value: White=0.60/Black=0.15 (very precise)} 0-1

[Event "Hungarian Youth-ch U12 2022"]
[Site "Eger"]
[Date "2022.07.25"]
[Round "3.6"]
[White "Torok, Rita"]
[Black "Kiss, Inez"]
[Result "0-1"]
[ECO "B10"]
[WhiteElo "1275"]
[BlackElo "1397"]
[Annotator "NA RC COMBH"]
[PlyCount "124"]
[EventDate "2022.07.21"]
[EventType "tourn"]
[EventCountry "HUN"]
[SourceTitle "playchess.com"]
[Source "ChessBase"]
[SourceQuality "1"]
[TimeControl "40/5400+30:1800+30"]

1. e4 c6 2. Nc3 d5 3. exd5 cxd5 4. d4 Nc6 5. Nf3 Bg4 6. Be2 e6 7. Bd2 Bxf3 8. Bxf3 Nxd4 9. O-O Nf6 10. Bg5 Nxf3+ 11. Qxf3 Be7 12. Rfe1 O-O 13. Rad1 h6 14. Bxf6 Bxf6 15. h3 Rc8 16. Rd3 Qb6 17. Rb1 Bxc3 18. Rxc3 Qa5 19. a3 Rxc3 20. Qxc3 Qxc3 21. bxc3 b6 22. f3 Rc8 23. Rb3 e5 24. Kf2 d4 25. Ke2 Rxc3 26. Rxc3 dxc3 27. Kd3 b5 28. Kxc3 a5 29. Kd3 f5 30. c4 b4 31. axb4 axb4 32. c5 Kf7 33. Kc4 Ke6 34. Kxb4 Kd7 35. Kb5 Kc7 36. c6 e4 37. fxe4 fxe4 38. Kc4 Kxc6 39. Kd4 Kd6 40. Kxe4 Ke6 41. Kf4 Kf6 42. Kg4 g6 43. Kf4 g5+ 44. Kg4 Kg6 45. h4 h5+ 46. Kh3 g4+ 47. Kh2 Kf5 48. g3 Ke4 49. Kg2 Ke3 50. Kg1 Kf3 51. Kh2 Kf2 52. Kh1 Kxg3 53. Kg1 Kxh4 54. Kg2 Kg5 55. Kh2 h4 56. Kg2 g3 57. Kh3 Kf4 58. Kg2 Kg4 59. Kg1 h3 60. Kh1 g2+ 61. Kg1 Kf3 62. Kh2 Kf2 0-1

[Event "Hungarian Youth-ch U12 2022"]
[Site "Eger"]
[Date "2022.07.25"]
[Round "3.7"]
[White "Biro, Beata"]
[Black "Brieber, Dorottya"]
[Result "1-0"]
[ECO "B01"]
[WhiteElo "1551"]
[BlackElo "1242"]
[Annotator "NA RC COMBH"]
[PlyCount "49"]
[EventDate "2022.07.21"]
[EventType "tourn"]
[EventCountry "HUN"]
[SourceTitle "playchess.com"]
[Source "ChessBase"]
[SourceQuality "1"]
[TimeControl "40/5400+30:1800+30"]

1. e4 d5 2. exd5 Nf6 3. Nf3 Qxd5 4. Nc3 Qc5 5. d4 Qd6 6. g3 Nc6 7. Bf4 Qd8 8. Bc4 a6 9. Ng5 e6 10. d5 h6 11. Nxf7 Kxf7 12. dxc6 Qxd1+ 13. Rxd1 bxc6 14. Bxc7 Bc5 15. O-O Re8 16. Bd3 Kg8 17. Ne4 Nxe4 18. Bxe4 Bb7 19. Bg6 Rec8 20. Bd6 Bb6 21. Rfe1 c5 22. Bf4 Rf8 23. Rxe6 Ba7 24. Re7 Bf3 25. Rdd7 1-0

[Event "Hungarian Youth-ch U12 2022"]
[Site "Eger"]
[Date "2022.07.25"]
[Round "3.8"]
[White "Molnar, Dalma Reka"]
[Black "Balazs, Szabina Zoe"]
[Result "1-0"]
[ECO "C48"]
[WhiteElo "1521"]
[BlackElo "1437"]
[Annotator "NA RC COMBH"]
[PlyCount "65"]
[EventDate "2022.07.21"]
[EventType "tourn"]
[EventCountry "HUN"]
[SourceTitle "playchess.com"]
[Source "ChessBase"]
[SourceQuality "1"]
[TimeControl "40/5400+30:1800+30"]

1. e4 e5 2. Nf3 Nc6 3. Nc3 Nf6 4. Bb5 Bd6 5. O-O O-O 6. d3 h6 7. a3 a6 8. Bc4 Re8 9. h3 Bc5 10. Be3 Ba7 11. Bxa7 Nxa7 12. Qd2 c6 13. Bb3 d6 14. d4 Qc7 15. dxe5 dxe5 16. Rad1 Be6 17. Bxe6 Rxe6 18. Rfe1 Rae8 19. Re3 Nc8 20. Rd3 b6 21. Nh4 b5 22. Nf5 a5 23. f3 Rf8 24. Kf1 Nb6 25. b3 Nc8 26. a4 b4 27. Ne2 c5 28. c3 Qb6 29. cxb4 cxb4 30. Rd8 Ree8 31. Rxe8 Rxe8 32. Rc1 Rd8 33. Qxd8+ 1-0

[Event "Hungarian Youth-ch U12 2022"]
[Site "Eger"]
[Date "2022.07.25"]
[Round "3.9"]
[White "Hangyal, Dora"]
[Black "Balogh, Gerda"]
[Result "0-1"]
[ECO "C45"]
[WhiteElo "1244"]
[BlackElo "1531"]
[Annotator "NA RC COMBH"]
[PlyCount "98"]
[EventDate "2022.07.21"]
[EventType "tourn"]
[EventCountry "HUN"]
[SourceTitle "playchess.com"]
[Source "ChessBase"]
[SourceQuality "1"]
[TimeControl "40/5400+30:1800+30"]

1. e4 e5 2. Nf3 Nc6 3. d4 exd4 4. Nxd4 Nf6 5. Nxc6 bxc6 6. e5 Qe7 7. Qe2 Nd5 8. c4 Nb6 9. Nd2 g6 10. Nf3 Bg7 11. Bf4 O-O 12. Rd1 Re8 13. Rd4 Ba6 14. Qc2 d6 15. Re4 dxe5 16. Bg3 f5 17. Bh4 Qb4+ 18. Nd2 fxe4 19. a3 Qf8 20. Qb3 Nd7 21. c5+ Qf7 22. Qxf7+ Kxf7 23. Bxa6 Nxc5 24. Bc4+ Kf8 25. b4 Nd3+ 26. Kf1 Nb2 27. Bb3 a5 28. Nxe4 axb4 29. Ng5 Bh6 30. Ne6+ Rxe6 31. Bxe6 bxa3 32. Ke2 Bg7 33. Ba2 c5 34. f3 Na4 35. Be1 Rb8 36. Kd3 Rb2 37. Be6 a2 38. Bxa2 Rxa2 39. g3 Ra1 40. Rg1 Ke7 41. Kc4 Kd6 42. Kb5 Kd5 43. h4 Nb2 44. Bf2 Rxg1 45. Bxg1 c6+ 46. Ka5 Bh6 47. Kb6 c4 48. g4 Bd2 49. Bc5 Na4+ 0-1

[Event "Hungarian Youth-ch U12 2022"]
[Site "Eger"]
[Date "2022.07.26"]
[Round "4.1"]
[White "Horvath, Andras"]
[Black "Lehocz, Jozsef Jr."]
[Result "0-1"]
[ECO "B34"]
[WhiteElo "2251"]
[BlackElo "1919"]
[Annotator "TA"]
[PlyCount "106"]
[EventDate "2022.07.21"]
[EventType "tourn"]
[EventCountry "HUN"]
[SourceTitle "playchess.com"]
[Source "ChessBase"]
[SourceQuality "1"]
[TimeControl "40/5400+30:1800+30"]

1. e4 c5 2. Nf3 Nc6 3. d4 cxd4 4. Nxd4 g6 5. Nc3 Bg7 6. Be3 Nf6 7. Qd2 O-O 8. O-O-O d5 9. f3 dxe4 10. fxe4 {[%emt 0:00:35] B34: Sicilian: Accelerated Dragon with 5 Nc3: sidelines.} Nxd4 11. Qxd4 {[%emt 0:07:50] [#]} Qa5 $146 {[%emt 0:01:32] next ...Ng4 is good for Black.} ({Predecessor:} 11... Bg4 12. Qxd8 Rfxd8 13. Rxd8+ Rxd8 14. Bc4 a6 15. Nd5 Nxe4 16. Nxe7+ Kf8 17. Nd5 Be6 {0-1 (36) Golubovskis,M (2302)-Praslov,A (2402) Chess.com INT 2021}) 12. Qc5 $1 {[%emt 0:07:09] The position is equal.} Qxc5 13. Bxc5 Bg4 14. Bxe7 Rfe8 $36 {[%emt 0:00:15][%mdl 2048] Black has some pressure.} 15. Bxf6 Bxf6 16. Re1 (16. Rd3 $11) 16... Bg5+ $17 {[%emt 0:00:51] This bishop pair is nice.} 17. Kb1 Bd2 {[%emt 0:00:30] Black is more active.} 18. Bc4 Bxe1 19. Rxe1 Be6 20. Nd5 Bxd5 (20... Kg7 $142 {And now ...Rad8 would win.} 21. Rf1 Rac8) 21. Bxd5 {[%emt 0:00:11][%mdl 4096] Endgame KRR-KRB} Re7 22. Re3 Rd8 23. Rd3 Kg7 24. c4 f5 25. exf5 gxf5 26. Kc2 Kf6 27. Kd2 Rde8 28. Bf3 {[%emt 0:00:56] Inhibits Re2+.} b6 29. Bh5 Rc8 30. b3 Kg5 31. Bf3 h5 32. Be2 h4 33. Rd5 (33. h3 $17) 33... Rce8 $19 34. Bd3 Re5 35. Rd7 R8e7 36. Rd8 Re8 37. Rd7 Re1 (37... Rg8 $19 {and Black stays clearly on top. ...Kf6 is the strong threat.} 38. Be2 Kf4) 38. Rxa7 {[%emt 0:01:05] [#]} (38. Rf7 $17) 38... Rg1 $1 39. Kc3 Re6 (39... Rg8 $17 40. Rf7 Rxg2 41. Rxf5+ Kg4) 40. Rf7 (40. g3 $1 $15) 40... Rxg2 41. Bxf5 Ree2 42. h3 $2 (42. Bc8 $17 {is more resistant.}) 42... Rgf2 (42... Ref2 $142 43. Be6 Rg3+ 44. Kb4 Rxf7 45. Bxf7 Rxh3) 43. Bd3 Rxf7 ({Weaker is} 43... Rxa2 44. Rg7+ Kf6 45. Rg4 $15 (45. Rg6+ Ke5 $15)) 44. Bxe2 {[%emt 0:00:17] KR-KB} Rf2 45. Bg4 Rxa2 46. b4 Kf4 $2 (46... Kf6 $19 {aiming for ...Rg2.} 47. Kd4 Rd2+ 48. Ke4 Rb2) 47. c5 $1 $15 bxc5 ({Much worse is} 47... Ra3+ 48. Kd4 bxc5+ 49. bxc5 $11) 48. bxc5 {[%emt 0:00:14] Black must now prevent c6.} Ke5 49. Kd3 $2 (49. c6 $15) 49... Kd5 50. Ke3 {[%emt 0:01:12] [#]} Ra7 $1 51. Kf4 Rg7 52. Kf5 Kxc5 53. Kf6 {[%emt 0:00:32] [#]} Rxg4 $1 {[%emt 0:00:27][%mdl 512] Weighted Error Value: White=0.61/Black=0.29 (precise)} 0-1

[Event "Hungarian Youth-ch U12 2022"]
[Site "Eger"]
[Date "2022.07.26"]
[Round "4.2"]
[White "Janosi, Bence"]
[Black "Horvath, Matyas Sandor"]
[Result "1-0"]
[ECO "D79"]
[WhiteElo "1428"]
[BlackElo "1431"]
[Annotator "NA RC COMBH"]
[PlyCount "55"]
[EventDate "2022.07.21"]
[EventType "tourn"]
[EventCountry "HUN"]
[SourceTitle "playchess.com"]
[Source "ChessBase"]
[SourceQuality "1"]
[TimeControl "40/5400+30:1800+30"]

1. d4 Nf6 2. Nf3 g6 3. c4 Bg7 4. g3 O-O 5. Bg2 c6 6. O-O d5 7. cxd5 cxd5 8. Nc3 Nc6 9. Re1 Ne4 10. e3 Bg4 11. h3 Bxf3 12. Bxf3 Nxc3 13. bxc3 e6 14. Ba3 Re8 15. Rb1 Na5 16. Bb4 Nc4 17. Qc1 Rc8 18. Be2 b6 19. Bxc4 Rxc4 20. Qd2 Qc7 21. Rec1 Rc8 22. Kg2 a5 23. Ba3 Rxc3 24. Rxc3 Qxc3 25. Rc1 Qxd2 26. Rxc8+ Bf8 27. Bxf8 f6 28. Bb4+ 1-0

[Event "Hungarian Youth-ch U12 2022"]
[Site "Eger"]
[Date "2022.07.26"]
[Round "4.3"]
[White "Kovacs, Kristof"]
[Black "Karacsonyi, Bank"]
[Result "1-0"]
[ECO "A46"]
[WhiteElo "1812"]
[BlackElo "1791"]
[Annotator "NA RC COMBH"]
[PlyCount "77"]
[EventDate "2022.07.21"]
[EventType "tourn"]
[EventCountry "HUN"]
[SourceTitle "playchess.com"]
[Source "ChessBase"]
[SourceQuality "1"]
[TimeControl "40/5400+30:1800+30"]

1. d4 Nf6 2. Nf3 e6 3. g3 b5 4. Bg2 Bb7 5. O-O c5 6. c3 Be7 7. b3 O-O 8. Bb2 d6 9. Nbd2 cxd4 10. Nxd4 Qb6 11. a4 bxa4 12. Nc4 Qc7 13. Rxa4 Bxg2 14. Kxg2 Qb7+ 15. Nf3 d5 (15... Ne4 $11) 16. Nce5 Nc6 (16... Ne4 $15) 17. Nxc6 Qxc6 18. Qc2 Rfc8 19. Rfa1 Bc5 20. e3 ({Better is} 20. c4 $1 $14) 20... Rab8 21. c4 $1 Nd7 22. Qc3 e5 23. b4 Be7 24. c5 d4 25. Qd2 g5 26. exd4 ({Reject} 26. Ra6 Qe4 27. h3 (27. Rxa7 g4 $15) 27... h5 28. exd4 (28. Rxa7 Rd8 $15) 28... g4 $15) 26... exd4 27. Ra6 Qd5 28. Qxd4 Qxd4 29. Bxd4 g4 30. Ne5 Nxe5 31. Bxe5 Rxb4 32. Rxa7 Bxc5 33. Rc1 Rb5 34. Ra4 Re8 35. Rxg4+ Kf8 36. Bg7+ Ke7 37. Re4+ Kd7 38. Rd1+ Bd6 $18 39. Rxd6+ 1-0

[Event "Hungarian Youth-ch U12 2022"]
[Site "Eger"]
[Date "2022.07.26"]
[Round "4.4"]
[White "Onodi, Miklos"]
[Black "Bod, Marton"]
[Result "1-0"]
[ECO "A49"]
[WhiteElo "1901"]
[BlackElo "1758"]
[Annotator "TA"]
[PlyCount "81"]
[EventDate "2022.07.21"]
[EventType "tourn"]
[EventCountry "HUN"]
[SourceTitle "playchess.com"]
[Source "ChessBase"]
[SourceQuality "1"]
[TimeControl "40/5400+30:1800+30"]

1. d4 Nf6 2. Nf3 g6 3. g3 Bg7 4. Bg2 O-O 5. O-O d6 6. b3 c5 7. Bb2 Nbd7 8. c4 Rb8 9. Nc3 a6 10. Qd2 {[%emt 0:09:49] E65: King's Indian: Fianchetto: 6...c5 7 0-0 without d5 by White.} ({White should try} 10. a4 $14) 10... b6 (10... b5 $11) 11. Rac1 $14 Bb7 {[%emt 0:03:45][%cal Ob6b5] [#]} 12. e3 $146 {[%emt 0:09:43] White is slightly better.} ({Predecessor:} 12. Rfd1 Qc7 13. Nd5 Qd8 14. Ng5 h6 15. Nh3 Nxd5 16. Bxd5 Bxd5 17. cxd5 Nf6 18. dxc5 bxc5 {½-½ (77) Steczek,M (2385)-Lagunow,R (2267) Germany 2016}) 12... Ne4 (12... b5 $5 ) 13. Nxe4 Bxe4 14. Rfd1 Nf6 (14... Qc7) 15. Qe2 Qc8 16. Bf1 Rd8 (16... Qg4 17. Bg2 cxd4) (16... Qg4 $5 17. Bg2 Rfe8 $11) 17. d5 Qb7 (17... Qg4 $11 18. Ne1 Qxe2 19. Bxe2 g5) 18. Nd2 {[%emt 0:03:58] aiming for Bxf6.} Bf5 19. Ba1 Qd7 (19... e5) 20. e4 Bh3 21. e5 Bxf1 22. Rxf1 Nh5 {[%emt 0:03:17] White leaves nothing to chance now.} (22... dxe5 $14 23. Bxe5 Rb7) 23. f4 $16 Bh6 (23... f5 $16 {is a better defense.} 24. Nf3 b5) 24. Ne4 Re8 25. Qf3 {[%emt 0:02:02] Strongly threatening g4.} dxe5 26. Bxe5 {[%emt 0:00:20] Hoping for g4.} Rb7 {[%emt 0:00:37] [#]} (26... Rbd8 {might work better.} 27. Rcd1 Bg7) 27. g4 $1 $18 f6 28. gxh5 fxe5 29. hxg6 ({Not} 29. fxe5 Rf8 30. e6 Qe8 $16) 29... hxg6 {[%emt 0:01:02] [#]} (29... Qf5 30. gxh7+ Kh8) (29... Qf5 30. gxh7+ Kh8) 30. fxe5 $1 Qf5 {[%emt 0:01:53] Inhibits Qf7+. Threatens to win with ...Qxf3.} (30... Bxc1 {gets mated.} 31. Qf7+ Kh8 32. e6 (32. Rxc1 Qg4+ 33. Ng3 Rbb8 $15) 32... Be3+ 33. Kh1) 31. Rc3 Rf8 32. Qxf5 gxf5 33. Rg3+ Kh7 (33... Bg7 {keeps fighting.}) 34. Ng5+ Bxg5 35. Rxg5 {[%emt 0:00:06][%mdl 4096] Endgame Rf3 would kill now. KRR-KRR} e6 36. dxe6 Re7 (36... Re8 $142 37. Rfxf5 Rxe6) 37. Rfxf5 {[%emt 0:00:30] White is clearly winning.} Rxf5 38. Rxf5 {[%emt 0:00:05] Rf7+ is the strong threat.} Rxe6 39. Rf7+ Kg8 40. Rf6 Rxe5 41. Rxb6 {[%emt 0:00:13] Weighted Error Value: White=0.16 (very precise) /Black=0.39} 1-0

[Event "Hungarian Youth-ch U12 2022"]
[Site "Eger"]
[Date "2022.07.26"]
[Round "4.5"]
[White "Juhasz, Edmond"]
[Black "Feher, Botond"]
[Result "0-1"]
[ECO "B27"]
[WhiteElo "1510"]
[BlackElo "1747"]
[Annotator "NA RC COMBH"]
[PlyCount "108"]
[EventDate "2022.07.21"]
[EventType "tourn"]
[EventCountry "HUN"]
[SourceTitle "playchess.com"]
[Source "ChessBase"]
[SourceQuality "1"]
[TimeControl "40/5400+30:1800+30"]

1. e4 c5 2. Nf3 g6 3. Nc3 Bg7 4. Bc4 Nc6 5. d3 e6 6. O-O Nge7 7. Re1 O-O 8. Bf4 Nd4 9. Bd6 b6 10. e5 Bb7 11. Nxd4 cxd4 12. Nb5 f6 13. f4 fxe5 14. fxe5 Nf5 15. Bxf8 Qg5 16. Re4 Ne3 17. Qe2 Bxe4 18. dxe4 Rxf8 19. Nxd4 Nxc4 20. Qxc4 Bxe5 21. Qd3 Qf4 22. Nf3 Bxb2 23. Rb1 Bg7 24. Qxd7 Qxe4 25. Re1 Qxc2 26. Qxe6+ Kh8 27. Qd5 Qc5+ 28. Qxc5 bxc5 29. Re7 c4 30. Rc7 c3 31. Kf1 Rd8 32. Ke2 Kg8 33. h3 a6 34. a3 h6 35. g3 Rb8 36. Ne1 Re8+ 37. Kd1 Re3 38. Rc8+ Kh7 39. Rc6 Rxg3 40. Rxa6 Rxh3 41. a4 Rh2 42. Ra7 g5 43. Nf3 Rf2 44. Ne5 Kg8 45. Ng4 Rf4 46. Ra8+ Rf8 47. Ra6 h5 48. Ne3 Kh7 49. Ra5 Kg6 50. Ra6+ Rf6 51. Ra5 g4 52. Ke2 Bh6 53. Nc2 g3 54. Rd5 Rf2+ 0-1